 Dungeon Crawl Stone Soup version 0.30.0-29-ga12c61a403 (webtiles) character file.

Game seed: 4922610633061947182

479144 slobbisto the Slayer (level 23, -4/227 HPs)
             Began as a Minotaur Fighter on June 8, 2023.
             Was a High Priest of Okawaru.
             Shot with a bolt by a yaktaur (27 damage)
             ... led by a yaktaur captain
             ... on level 5 of the Vaults.
             The game lasted 06:21:18 (49727 turns).

slobbisto the Slayer (Minotaur Fighter)            Turns: 49727, Time: 06:21:19

Health: -4/227     AC: 44    Str: 31    XL:     23   Next: 67%
Magic:  1/32       EV:  8    Int:  7    God:    Okawaru [*****.]
Gold:   2163       SH: 20    Dex: 11    Spells: 22/22 levels left

rFire   + + .        a - +7 war axe "Feubuish" {flame, rCorr Int+2}
rCold   + + .        Z - +4 kite shield "Emeps" {rCorr Str+4 Int-4}
rNeg    . . .        D - +9 scales of the Dragon King {rPois rF+ rC+ Will+}
rPois   +            S - +0 hat {SInv}
rElec   .            x - +0 cloak
rCorr   +            L - +3 Mad Mage's Maulers {Infuse+∞ VampMP -Cast}
SInv    +            Q - +2 pair of boots {rampage}
Will    ++...        t - amulet of regeneration Stlth
                     Y - ring of the Briny Deep {rPois rC+ rCorr Stlth+}
HPRegen 1.37/turn    l - ring of protection from fire
MPRegen 0.23/turn

%: no spellcasting, rampage, infuse magic (1 MP)
@: finesse-ful, studying Summonings
A: horns 2, retaliatory headbutt
}: 2/15 runes: barnacled, gossamer
a: Renounce Religion, Heroism, Finesse, Duel


You were on level 5 of the Vaults.
You worshipped Okawaru.
Okawaru was extremely pleased with you.
You visited 7 branches of the dungeon, and saw 39 of its levels.
You visited the Abyss 1 time.
You also visited: Ossuary, Bailey, Ice Cave and Volcano.

You collected 7480 gold pieces.
You spent 5317 gold pieces at shops.

Inventory:

Hand Weapons
 a - the +7 war axe "Feubuish" (weapon) {flame, rCorr Int+2}
   (You found it on level 1 of the Lair of Beasts)

   Int:       It affects your intelligence (+2).
   rCorr:     It protects you from acid and corrosion.
Missiles
 c - 3 javelins
 j - 10 silver javelins (quivered)
 v - 12 curare-tipped darts
Armour
 x - a +0 cloak (worn)
 D - the +9 scales of the Dragon King (worn) {rPois rF+ rC+ Will+}
   (You bought it in a shop on level 2 of the Vaults)

   rF:        It protects you from fire.
   rC:        It protects you from cold.
   rPois:     It protects you from poison.
   Will:      It increases your willpower.
 L - the +3 Mad Mage's Maulers (worn) {Infuse+∞ VampMP -Cast}
   (You found it on level 4 of the Vaults)

   Infuse+∞: It empowers its wearer's blows with all of their magic.
   VampMP:    Blows struck in melee replenish the wearer's magic.
   -Cast:     It prevents spellcasting.
 Q - a +2 pair of boots of rampaging (worn)
 S - a +0 hat of see invisible (worn)
 Z - the +4 kite shield "Emeps" (worn) {rCorr Str+4 Int-4}
   (Okawaru gifted it to you in a volcano)

   Str:       It affects your strength (+4).
   Int:       It affects your intelligence (-4).
   rCorr:     It protects you from acid and corrosion.
Jewellery
 l - a ring of protection from fire (right hand)
 t - an amulet of regeneration (around neck)
 y - the ring "Vinem" {rElec Will+}
   (You bought it in a shop on level 2 of the Orcish Mines)

   [ring of willpower]

   rElec:     It insulates you from electricity.
   Will:      It increases your willpower.
 z - the ring "Urphem" {rElec rC++ Str+2 Int+6}
   (You found it on level 3 of the Depths)

   [ring of intelligence]

   Str:       It affects your strength (+2).
   Int:       It affects your intelligence (+6).
   rC:        It greatly protects you from cold.
   rElec:     It insulates you from electricity.
 T - the ring "Jiadd" {Ice rPois rN+ Will+++ Slay-5}
   (You found it in an ice cave)

   [ring of ice]

   It enhances your ice magic.
   Slay:      It affects your accuracy & damage with ranged weapons and melee
   (-5).
   rF:        It makes you vulnerable to fire.
   rC:        It protects you from cold.
   rPois:     It protects you from poison.
   rN:        It protects you from negative energy.
   Will:      It greatly increases your willpower.
 Y - the ring of the Briny Deep (left hand) {rPois rC+ rCorr Stlth+}
   (You found it in an ice cave)

   [ring of protection from cold]

   rC:        It protects you from cold.
   rPois:     It protects you from poison.
   rCorr:     It protects you from acid and corrosion.
   Stlth:     It makes you more stealthy.
Wands
 b - a wand of flame (59)
 p - a wand of roots (22)
 r - a wand of paralysis (26)
 G - a wand of digging (13)
 H - a wand of quicksilver (27)
 M - a wand of mindburst (23)
Scrolls
 n - 12 scrolls of enchant weapon
 o - 4 scrolls of fog
 u - 5 scrolls of silence
 B - 15 scrolls of teleportation
 C - 2 scrolls of enchant armour
 E - 3 scrolls of brand weapon
 F - 4 scrolls of magic mapping
 O - 10 scrolls of immolation
 R - 8 scrolls of poison
 U - 6 scrolls of blinking
 W - 15 scrolls of identify
 X - 4 scrolls of fear
Potions
 d - 12 potions of might
 e - 25 potions of curing
 f - 21 potions of ambrosia
 g - 14 potions of lignification
 i - 7 potions of attraction
 q - 24 potions of heal wounds
 s - 6 potions of haste
 w - 2 potions of berserk rage
 A - a potion of brilliance
 I - 4 potions of invisibility
 J - 5 potions of resistance
 K - 8 potions of flight
 N - 7 potions of cancellation


   Skills:
 + Level 23.4 Fighting
 - Level 20.0 Axes
 - Level 12.0 Throwing
 + Level 23.4 Armour
 + Level 23.4 Shields
 - Level 14.0 Invocations
 - Level 10.0 Evocations


You had 22 spell levels left.
You didn't know any spells.
Your spell library contained the following spells:

 Spells                   Type           Power      Damage    Failure   Level
 Foxfire                  Conj/Fire      0%         2x1d4     98%         1
 Freeze                   Ice            0%         1d3       98%         1
 Kiss of Death            Conj/Necr      0%         2d5       98%         1
 Magic Dart               Conj           0%         1d3       98%         1
 Sandblast                Erth           0%         2d4       98%         1
 Shock                    Conj/Air       0%         1d3       98%         1
 Slow                     Hex            0%         N/A       98%         1
 Blink                    Tloc           0%         N/A       99%         2
 Passwall                 Tmut/Erth      0%         N/A       99%         2
 Scorch                   Fire           0%         2d5       99%         2
 Searing Ray              Conj           0%         2d4       99%         2
 Static Discharge         Conj/Air       0%         2-2/arc   99%         2
 Sublimation of Blood     Necr           0%         N/A       99%         2
 Wereblood                Tmut           0%         N/A       99%         2
 Confusing Touch          Hex            0%         N/A       100%        3
 Frozen Ramparts          Ice            0%         1d1       100%        3
 Gell's Gravitas          Tloc           0%         N/A       100%        3
 Hailstorm                Conj/Ice       0%         3d3       100%        3
 Inner Flame              Hex/Fire       0%         N/A       100%        3
 Portal Projectile        Hex/Tloc       0%         N/A       100%        3
 Spider Form              Tmut/Pois      0%         N/A       100%        3
 Stone Arrow              Conj/Erth      0%         3d7       100%        3
 Swiftness                Air            0%         N/A       100%        3
 Teleport Other           Tloc           0%         N/A       100%        3
 Vampiric Draining        Necr           0%         2d6       100%        3
 Volatile Blastmotes      Fire/Tloc      0%         2d10      100%        3
 Airstrike                Air            0%         2d(0-16)  100%        4
 Dispel Undead            Necr           0%         3d6       100%        4
 Flame Wave               Conj/Fire      0%         2d4       100%        4
 Fulminant Prism          Conj/Hex       0%         3d5       100%        4
 Iskenderun's Mystic Bla  Conj/Tloc      0%         2d3       100%        4
 Leda's Liquefaction      Hex/Erth       0%         N/A       100%        4
 Passage of Golubria      Tloc           0%         N/A       100%        4
 Petrify                  Tmut/Erth      0%         N/A       100%        4
 Alistair's Intoxication  Tmut/Pois      0%         N/A       100%        5
 Borgnjor's Vile Clutch   Necr/Erth      0%         N/A       100%        5
 Fireball                 Conj/Fire      0%         3d3       100%        5
 Irradiate                Conj/Tmut      0%         3d11      100%        5
 Lee's Rapid Deconstruct  Erth           0%         3d4*      100%        5
 Silence                  Hex/Air        0%         N/A       100%        5
 Yara's Violent Unravell  Hex/Tmut       0%         3d3       100%        5
 Dispersal                Tloc           0%         N/A       100%        6
 Eringya's Noxious Bog    Tmut/Pois      0%         N/A       100%        6
 Plasma Beam              Fire/Air       0%         2x1d11    100%        6
 Starburst                Conj/Fire      0%         6d3       100%        6
 Enfeeble                 Hex            0%         N/A       100%        7
 Storm Form               Tmut/Air       0%         N/A       100%        7
 Disjunction              Tloc           0%         N/A       100%        8
 Ignition                 Fire           0%         3d3       100%        8
 Lehudib's Crystal Spear  Conj/Erth      0%         10d2      100%        8
 Necromutation            Tmut/Necr      0%         N/A       100%        8
 Call Canine Familiar     Summ           Unusable   N/A       N/A         3
 Tukima's Dance           Hex            Unusable   N/A       N/A         3
 Animate Dead             Necr           Unusable   N/A       N/A         4
 Summon Lightning Spire   Summ/Air       Unusable   N/A       N/A         4
 Death Channel            Necr           Unusable   N/A       N/A         6
 Summon Cactus Giant      Summ           Unusable   N/A       N/A         6

Dungeon Overview and Level Annotations

Branches:
Dungeon (15/15)            Temple (0/1) D:7            Lair (5/5) D:10
 Shoals (4/4) Lair:3       Spider (4/4) Lair:2        Slime (0/5) Lair:5
    Orc (2/2) D:10            Elf (0/3) Orc:2        Vaults (5/5) D:13
  Crypt (0/3) Vaults:3     Depths (4/4) D:15            Zot (0/5) Depths:4
Ossuary (visited)          Bailey (visited)           IceCv (visited)
Volcano (visited)

Altars:
Ashenzari
Elyvilon
Fedhas
Hepliaklqana
Kikubaaqudgha
Nemelex Xobeh
Okawaru
Qazlal
Sif Muna
Vehumet
Yredelemnul
The Shining One
Jiyva

Shops:
D:6 ?[!*   D:9 :   Orc:1 *(   Orc:2 =!(!   Shoals:3 !   Vaults:1 (   Vaults:2 [

Portals:
Hell: Depths:1 Depths:2 Depths:3 Depths:4
Abyss: Depths:1 Depths:2 Depths:3
Pandemonium: Depths:2 Depths:3
Ziggurat: Depths:3

Annotations:
D:3 1 runed translucent door, klichko's ghost, amateur KoEn
D:5 Eustachio
Lair:1 3 runed translucent doors, TangoThomas's ghost, journeyman DsRe
Lair:5 1 runed translucent door, Quickbrownfox's ghost, journeyman DsIE
Shoals:4 Roxanne


Innate Abilities, Weirdness & Mutations

You have a pair of horns on your head.
You reflexively headbutt those who attack you in melee.


Message History

You block the tengu reaver's attack.
Found a scroll of identify.
The ironbound convoker casts a spell at the vault warden.
The vault warden seems to grow stronger.
The tengu reaver gestures at you while chanting.
The bolt of fire misses you.
Your surroundings suddenly seem different. 2 dragons, a tentacled monstrosity, a two-headed ogre and 3 yaktaurs come into view.
Found a scroll of fear and a scroll of blinking.
The swamp dragon roars deafeningly!
The two-headed ogre shouts in stereo!
The yaktaur shouts!
The yaktaur wields a +0 arbalest.
The yaktaur shoots a bolt.
You block the bolt.
The yaktaur captain wields a +0 arbalest.
The yaktaur captain shoots a bolt.
The bolt hits you!!
* * * LOW HITPOINT WARNING * * *
A tentacled monstrosity comes into view.
You hear two shouts!
Okay, then.
There are no items here.
Press: ? - help, v - describe, . - travel
Here: a two-headed ogre The floor.
Okay, then.
Okay, then.
Press: ? - help, v - describe, . - travel
Here: a shadow dragon The floor.
Okay, then.
As you read the scroll of fear, it crumbles to dust.
You assume a fearsome visage.
The swamp dragon looks frightened!
The tentacled monstrosity resists with almost no effort.
The shadow dragon looks frightened!
The two-headed ogre looks frightened!
The tentacled monstrosity resists with almost no effort.
The yaktaur captain looks frightened!
The yaktaur looks frightened!
The yaktaur resists with almost no effort.
The swamp dragon changes into a jumping spider!
The two-headed ogre changes into a deep troll!
The yaktaur wields a +0 arbalest.
The yaktaur shoots a bolt.
The bolt hits you!!
You die...

##.#...#?##
##.#....s#. # #
.#X......#.#
##.#........D#X
#.#T.......c..#
.#.............
#........c...?.
.......@.c.....
###############


You could see a shadow dragon (fleeing), 2 tentacled monstrosities, a yaktaur
captain (fleeing), a deep troll shaped shifter (fleeing), 2 yaktaurs and a
jumping spider shaped shifter (fleeing).

Vanquished Creatures
  Mennas (Depths:4)
  A juggernaut (Depths:4)
  Sojobo (Depths:2)
  Saint Roka (Orc:2)
  3 caustic shrikes (Depths:4)
  4 golden dragons
  the Enchantress (Depths:2)
  A walking divine tome (Depths:3)
  6 tentacled monstrosities
  A walking earthen tome (Depths:3)
  2 walking frostbound tomes
  3 liches
  4 titans
  A tentacled starspawn (Abyss:4)
  Frances (D:14)
  6 sphinxes
  Gastronok (D:9)
  3 storm dragons
  5 tengu reavers
  Kirke (Lair:3)
  2 azure jellies (IceCv)
  Donald (Vaults:1)
  2 shadow dragons (Depths:4)
  6 fire giants
  4 frost giants
  13 vault wardens
  13 emperor scorpions
  A deep elf sorcerer (Vaults:4)
  Louise (Spider:4)
  A draconian annihilator (Depths:4)
  A draconian shifter (Abyss:4)
  14 ironbound preservers
  2 orc warlords
  A balrug (Depths:2)
  3 spriggan defenders (Depths:2)
  4 ghost moths
  A quicksilver ooze (IceCv)
  11 stone giants
  3 war gargoyles
  3 vampire knights
  21 very ugly things
  5 broodmothers
  2 black draconians (Depths:4)
  7 ironbound thunderhulks
  3 red draconians (Depths:4)
  11 dire elephants
  3 white draconians (Depths:4)
  4 spark wasps
  A deep elf demonologist (Vaults:4)
  A yellow draconian (Depths:4)
  2 crystal guardians
  A quicksilver dragon zombie (Vaults:4)
  9 merfolk impalers
  7 fire dragons
  A mummy priest (Depths:1)
  3 deep elf death magi
  Snorg (D:13)
  An eidolon (Vaults:3)
  3 great orbs of eyes
  9 entropy weavers
  4 ettins
  6 merfolk javelineers
  Josephine (D:13)
  A jiangshi (Vaults:3)
  10 yaktaur captains
  A deep elf high priest (Vaults:1)
  2 rakshasas
  42 vault guards
  Erolcha (D:13)
  4 ice dragons
  2 catoblepae (Lair:5)
  3 peacekeepers
  8 hydras
  11 ironbound frosthearts
  12 centaur warriors
  3 alligator snapping turtles (Shoals:4)
  A jorogumo (Spider:4)
  4 spriggan air magi
  An ogre mage (D:15)
  9 merfolk aquamancers
  4 death yaks (Lair:5)
  4 merfolk avatars
  3 two-headed ogres (D:15)
  2 death knights
  3 radroaches
  2 satyrs (Shoals:4)
  8 deep troll shamans
  4 tengu warriors
  A vampire mage (Vaults:3)
  9 boulder beetles
  5 spriggan berserkers
  5 deep troll earth magi
  5 thrashing horrors (Abyss:4)
  A hell knight (Vaults:4)
  2 orc high priests (Depths:1)
  Sonja (Orc:1)
  A shock serpent (shapeshifter) (Vaults:5)
  7 skysharks
  A sun demon (Depths:2)
  6 iron trolls
  5 pharaoh ants
  2 skeletal warriors
  2 sun moths (Spider:3)
  A spatial maelstrom (Abyss:4)
  7 glowing orange brains
  48 deep trolls
  16 sea snakes
  A flayed ghost (Depths:4)
  A deep troll (shapeshifter) (Vaults:4)
  2 shadow demons (Depths:1)
  10 steelbarb worms
  3 phantasmal warriors
  6 necromancers
  12 orb spiders
  8 lindwurms
  6 orc knights
  14 ironbound convokers
  11 wizards
  14 large abominations
  2 tengu zombies (Vaults:3)
  23 harpies
  4 moths of wrath
  48 ugly things
  18 wolf spiders
  A salamander (shapeshifter) (Depths:2)
  4 deep elf pyromancers
  4 cyclopes
  11 orc sorcerers
  An oklob plant (Lair:5)
  A shadow dragon skeleton (Vaults:4)
  11 manticores
  5 fauns (Shoals:2)
  8 merfolk sirens
  9 demonic crawlers
  6 black mambas
  3 fire giant skeletons
  A naga mage (D:15)
  17 elephants
  3 ice statues (IceCv)
  20 vault sentinels
  A torpor snail (shapeshifter) (Depths:1)
  5 torpor snails
  A smoke demon (Depths:2)
  A human skeleton (Vaults:4)
  2 water nymphs (Shoals:4)
  2 molten gargoyles (Volcano)
  3 gargoyles
  8 cane toads
  3 centaur skeletons (D:15)
  A cane toad (shapeshifter) (Depths:1)
  A hellion (Abyss:4)
  An elf zombie (Vaults:4)
  2 efreet
  4 kobold demonologists
  A rime drake (Lair:5)
  6 unseen horrors
  2 ancient zymes (Abyss:4)
  A spark wasp simulacrum (Depths:1)
  13 komodo dragons
  31 yaktaurs
  4 tengu conjurers
  4 trolls
  15 meliai
  9 wind drakes
  24 merfolk
  A queen bee (D:12)
  8 hornets
  28 tarantellas
  Grinder (D:5)
  8 polar bears
  23 blink frogs
  A dream sheep (shapeshifter) (D:13)
  8 snapping turtles
  7 raiju (Abyss:4)
  4 dream sheep
  27 jumping spiders
  A centaur simulacrum (D:14)
  3 shadows
  38 slime creatures
  25 culicivoras
  14 spriggans
  A spriggan (shapeshifter) (D:13)
  6 wyverns
  2 fire elementals (Lair:5)
  12 wraiths
  49 yaks
  2 fire bats (Volcano)
  3 vampires (D:13)
  A ynoxinul (Abyss:4)
  21 water elementals
  5 hogs
  74 redbacks
  5 basilisks
  A neqoxec (Abyss:4)
  11 vampire mosquitoes
  A spatial vortex (Abyss:4)
  An ogre zombie (Vaults:3)
  An entropy weaver zombie (Vaults:3)
  6 wargs
  2 acid dragons
  9 water moccasins
  4 small abominations
  3 floating eyes
  2 ice beasts
  30 orc warriors
  6 black bears
  3 great orb of eyes simulacra (IceCv)
  5 ogres
  11 boggarts
  6 centaurs
  40 wolves
  2 phantoms
  2 slime creature simulacra (IceCv)
  7 kobold brigands
  14 bullfrogs
  A gnoll sergeant (D:4)
  2 earth elementals (Volcano)
  19 scorpions
  4 wights (D:8)
  34 killer bees
  4 electric eels (D:7)
  6 howler monkeys
  4 centaur zombies (Ossuary)
  A jelly (D:7)
  8 lava snakes (Volcano)
  2 human zombies
  5 hounds
  18 orc priests
  3 gnoll boudas
  5 scorpion zombies (Ossuary)
  2 sleepcaps
  Ijyb (D:4)
  2 iguanas
  53 orc wizards
  3 shapeshifter simulacra (IceCv)
  3 mummies (Ossuary)
  Robin (D:5)
  24 gnolls
  7 adders
  3 white imps
  An ufetubus (D:5)
  A worm (D:3)
  12 dart slugs
  119 orcs
  3 ball pythons
  4 bats
  4 endoplasms
  A giant cockroach (D:2)
  2 gnoll zombies (Ossuary)
  12 goblins
  5 hobgoblins
  4 jackals (D:4)
  6 kobolds
  7 quokkas
  3 frilled lizards
  2 goblin zombies (Ossuary)
  4 hobgoblin zombies (Ossuary)
  2 kobold zombies (Ossuary)
  An orc zombie (Ossuary)
  11 rats
  A starspawn tentacle (Abyss:4)
1908 creatures vanquished.

Vanquished Creatures (others)
  A fire giant (Depths:1)
  A ghost moth (Spider:4)
  A quicksilver ooze (IceCv)
  A merfolk aquamancer (Shoals:3)
  An ironbound convoker (Vaults:2)
  A harpy (Shoals:3)
  A jumping spider (Spider:1)
  An orc wizard (Orc:2)
  A lurking horror (Abyss:4)
  3 starspawn tentacles (Abyss:4)
12 creatures vanquished.

Grand Total: 1920 creatures vanquished

Notes
Turn   | Place    | Note
-------+----------+-------------------------------------------
     0 | D:1      | slobbisto the Minotaur Fighter began the quest for the Orb.
     0 | D:1      | Reached XP level 1. HP: 19/19 MP: 0/0
   112 | D:1      | Reached XP level 2. HP: 21/27 MP: 1/1
   438 | D:1      | Found a faded altar of an unknown god.
   905 | D:2      | Reached XP level 3. HP: 33/33 MP: 2/2
  1141 | D:2      | Identified the amulet "Doamyte" {Harm rElec rC- Will-
                  | Regen+}
  1417 | D:2      | Reached XP level 4. HP: 39/41 MP: 3/3
  1716 | D:3      | Found a runed translucent door.
  1722 | D:3      | Noticed klichko's ghost (amateur KoEn)
  2290 | D:4      | Noticed a phantom
  2300 | D:4      | Noticed an ogre
  2302 | D:4      | Noticed a phantom
  2314 | D:3      | Killed a phantom
  2315 | D:3      | Reached XP level 5. HP: 33/47 MP: 4/4
  2498 | D:4      | Killed a phantom
  2499 | D:4      | Reached skill level 5 in Axes
  2499 | D:4      | Reached XP level 6. HP: 43/55 MP: 5/5
  2703 | D:4      | Reached skill level 5 in Fighting
  2703 | D:4      | Reached skill level 5 in Armour
  2703 | D:4      | Reached skill level 5 in Shields
  3248 | D:4      | Reached XP level 7. HP: 54/61 MP: 6/6
  3680 | D:5      | Entered Level 5 of the Dungeon
  3682 | D:5      | Noticed Robin
  3683 | D:5      | Noticed Ijyb
  3693 | D:5      | Paralysed by Ijyb for 4 turns
  3707 | D:4      | Killed Ijyb
  3772 | D:5      | Noticed Eustachio
  3834 | D:5      | Killed Robin
  3984 | D:5      | Found a sand-covered staircase.
  3992 | Ossuary  | Entered an ossuary
  4006 | Ossuary  | Reached XP level 8. HP: 66/70 MP: 7/7
  4388 | D:5      | Found an iron altar of Okawaru.
  4396 | D:5      | Became a worshipper of Warmaster Okawaru
  4398 | D:5      | Reached XP level 9. HP: 79/79 MP: 8/8
  4582 | D:5      | Noticed Grinder
  4589 | D:5      | Killed Grinder
  4663 | D:5      | Found a sparkling altar of Nemelex Xobeh.
  4986 | D:6      | Reached * piety under Okawaru
  4987 | D:6      | Reached skill level 10 in Axes
  5175 | D:6      | Found Utemnil's Assorted Antiques.
  5175 | D:6      | Found Qycitead's Antique Armour Shoppe.
  5175 | D:6      | Found Tamikav's Magic Scroll Shoppe.
  5176 | D:6      | Found Axtitull's Distillery.
  5261 | D:6      | Reached skill level 1 in Invocations
  5877 | D:7      | Reached ** piety under Okawaru
  5903 | D:7      | Reached XP level 10. HP: 44/90 MP: 10/10
  5967 | D:7      | Identified the +3 ring mail of Sobuxzet {+Blink rN+}
  6036 | D:7      | Identified the +5 short sword "Jepnos" {heavy, rPois}
  6156 | D:7      | Found a staircase to the Ecumenical Temple.
  6544 | D:8      | Identified the +3 leather armour of Beyond {+Inv rN+++
                  | Dex-3 Slay-5}
  6766 | D:8      | Found a flagged portal.
  6814 | Bailey   | Entered a bailey
  6913 | Bailey   | Reached *** piety under Okawaru
  6971 | Bailey   | Noticed an orc knight
  7009 | Bailey   | Killed an orc knight
  7074 | Bailey   | Noticed an orc knight
  7077 | Bailey   | Noticed an orc knight
  7127 | Bailey   | Killed an orc knight
  7217 | Bailey   | Noticed an orc knight
  7703 | D:9      | Found Hank's Book Shop.
  7729 | D:9      | Noticed Gastronok
  8312 | D:9      | Reached **** piety under Okawaru
  8510 | D:10     | Entered Level 10 of the Dungeon
  8518 | D:10     | Noticed a gargoyle
  8576 | D:9      | Killed Gastronok
  8577 | D:9      | Reached XP level 11. HP: 43/99 MP: 11/13
  8880 | D:9      | Found a hazy altar of Hepliaklqana.
  8891 | D:9      | Found a radiant altar of Vehumet.
  9039 | D:10     | Found a staircase to the Orcish Mines.
  9098 | D:10     | Reached ***** piety under Okawaru
  9210 | D:10     | Found a stormy altar of Qazlal.
  9210 | D:10     | Found a blossoming altar of Fedhas.
  9275 | D:10     | Reached skill level 10 in Shields
  9447 | D:10     | Received a gift from Okawaru
  9504 | D:10     | Reached skill level 5 in Invocations
  9506 | D:10     | Reached skill level 10 in Fighting
  9506 | D:10     | Reached skill level 10 in Armour
  9508 | D:10     | Found a staircase to the Lair.
  9810 | Lair:1   | Entered Level 1 of the Lair of Beasts
  9834 | Lair:1   | Reached skill level 1 in Throwing
 10191 | Lair:1   | Identified the +11 crystal plate armour of a sewer {Str+2}
                  | (Okawaru gifted it to you on level 1 of the Lair of Beasts)
 10191 | Lair:1   | Received a gift from Okawaru
 10217 | Lair:1   | Found a runed translucent gate.
 10219 | Lair:1   | Found a runed translucent gate.
 10221 | Lair:1   | Found a runed translucent gate.
 10221 | Lair:1   | Noticed TangoThomas's ghost (journeyman DsRe)
 10282 | Lair:1   | Identified the +10 spear "Impslayer" {heavy, *Corrode rPois
                  | Int+6}
 10298 | Lair:1   | Identified the +7 war axe "Feubuish" {flame, rCorr Int+2}
 10326 | Lair:1   | Reached XP level 12. HP: 80/108 MP: 14/14
 11151 | Lair:2   | Reached skill level 5 in Throwing
 11247 | Lair:2   | Found a hole to the Spider Nest.
 11332 | Lair:2   | Reached skill level 15 in Axes
 11349 | Lair:2   | Found a transporter.
 11351 | Lair:2   | Found a transporter.
 11352 | Lair:2   | Noticed a boulder beetle
 11427 | Lair:2   | Noticed a boulder beetle
 11582 | Lair:2   | Found a dark tunnel.
 11590 | Volcano  | Entered a volcano
 11800 | Volcano  | Received a gift from Okawaru
 11875 | Volcano  | Found a radiant altar of Vehumet.
 11905 | Volcano  | Noticed a stone giant
 11912 | Volcano  | Killed a stone giant
 11912 | Volcano  | Identified the +4 kite shield "Emeps" {rCorr Str+4 Int-4}
                  | (Okawaru gifted it to you in a volcano)
 11912 | Volcano  | Received a gift from Okawaru
 12456 | Lair:3   | Noticed Kirke
 12502 | Lair:2   | Reached XP level 13. HP: 117/117 MP: 15/15
 12534 | Lair:3   | Found a staircase to the Shoals.
 12768 | Lair:3   | Reached ****** piety under Okawaru
 12770 | Lair:3   | Killed Kirke
 13497 | Lair:3   | Received a gift from Okawaru
 13538 | Lair:4   | Received a gift from Okawaru
 13581 | Lair:4   | Identified the +0 kite shield of Recewn {rPois} (Okawaru
                  | gifted it to you on level 4 of the Lair of Beasts)
 13581 | Lair:4   | Received a gift from Okawaru
 13789 | Lair:4   | Found a broken altar of Ashenzari.
 14386 | Orc:1    | Entered Level 1 of the Orcish Mines
 14386 | Orc:1    | Found Bama's Weapon Emporium.
 14469 | Orc:1    | Noticed Sonja
 14504 | Orc:1    | Killed Sonja
 14590 | Orc:1    | Found Achooriz's CLEARANCE SALE!.
 14626 | Orc:1    | Bought a scroll of fog for 20 gold pieces
 14888 | Orc:2    | Entered Level 2 of the Orcish Mines
 15090 | Orc:2    | Found Ypruajuu's Weapon Emporium.
 15090 | Orc:2    | Found Liuliw's Distillery.
 15160 | Orc:2    | Reached XP level 14. HP: 108/125 MP: 16/16
 15164 | Orc:2    | Noticed Saint Roka
 15169 | Orc:2    | Paralysed by an orc sorcerer for 4 turns
 15354 | Orc:2    | Found a staircase to the Elven Halls.
 15830 | D:11     | Found a frozen archway.
 15842 | IceCv    | Entered an ice cave
 15878 | IceCv    | Received a gift from Okawaru
 15964 | IceCv    | Noticed a quicksilver ooze
 15971 | IceCv    | Killed a quicksilver ooze
 16023 | IceCv    | Noticed a quicksilver ooze
 16027 | IceCv    | Killed a quicksilver ooze
 16093 | IceCv    | Found a viscous altar of Jiyva.
 16093 | IceCv    | Noticed an azure jelly
 16098 | IceCv    | Noticed an azure jelly
 16099 | IceCv    | Killed an azure jelly
 16106 | IceCv    | Killed an azure jelly
 16120 | IceCv    | Got the ring "Jiadd" {Ice rPois rN+ Will+++ Slay-5}
 16126 | IceCv    | Got the ring of the Briny Deep {rPois rC+ rCorr Stlth+}
 16609 | D:12     | Reached skill level 1 in Evocations
 16844 | D:12     | You fall into a shaft and drop 2 floors!
 16955 | D:13     | Found a white marble altar of Elyvilon.
 16981 | D:13     | Received a gift from Okawaru
 16998 | D:13     | Found an ancient bone altar of Kikubaaqudgha.
 16998 | D:13     | Found a radiant altar of Vehumet.
 17009 | D:13     | Found a blossoming altar of Fedhas.
 17009 | D:13     | Noticed Josephine
 17022 | D:13     | Killed Josephine
 17038 | D:13     | Identified the +5 hand axe "Fyohiuc" {freeze, Int+3}
 17109 | D:13     | Got the Notes on the Distorted Gestalt
 17112 | D:13     | Got Zifrany's Guide on the Combustive Shift
 17113 | D:13     | Identified the +6 great sword of Caneel {speed, Str+3}
 17116 | D:13     | Identified the +7 morningstar "Enaasuun" {freeze, Stlth+}
 17146 | D:13     | Received a gift from Okawaru
 17148 | D:13     | Noticed Snorg
 17156 | D:13     | Killed Snorg
 17279 | D:13     | Reached XP level 15. HP: 139/139 MP: 18/18
 17302 | D:13     | Received a gift from Okawaru
 17603 | D:13     | Noticed Erolcha
 17613 | D:13     | Killed Erolcha
 17743 | D:13     | Found a gate to the Vaults.
 18526 | Orc:2    | Killed Saint Roka
 18526 | Orc:2    | Received a gift from Okawaru
 19017 | Orc:2    | Found Oxzi's Jewellery Emporium.
 19032 | Orc:2    | Found Jaowoz's Distillery.
 19155 | Orc:2    | Bought a ring of flight for 245 gold pieces
 19511 | D:14     | Noticed Frances
 19521 | D:14     | Killed Frances
 19522 | D:14     | Reached skill level 5 in Evocations
 19600 | D:14     | Received a gift from Okawaru
 19799 | D:15     | Entered Level 15 of the Dungeon
 19804 | D:15     | Reached skill level 15 in Shields
 19807 | D:15     | Found a basalt altar of Yredelemnul.
 20209 | D:15     | Reached skill level 15 in Armour
 20212 | D:15     | Reached skill level 15 in Fighting
 20362 | D:15     | Received a gift from Okawaru
 20613 | D:15     | Found a staircase to the Depths.
 20999 | Spider:1 | Entered Level 1 of the Spider Nest
 21012 | Spider:1 | Noticed an emperor scorpion
 21024 | Spider:1 | Killed an emperor scorpion
 21057 | Spider:1 | Reached XP level 16. HP: 149/149 MP: 14/20
 21836 | Spider:2 | Received a gift from Okawaru
 22692 | Spider:2 | Identified the +9 hand crossbow "Xoih" {freeze, rElec
                  | Int+4} (Okawaru gifted it to you on level 2 of the Spider
                  | Nest)
 22692 | Spider:2 | Received a gift from Okawaru
 23472 | Spider:3 | Received a gift from Okawaru
 23591 | Spider:3 | Identified the +0 hat of the Evening {+Inv} (Okawaru gifted
                  | it to you on level 3 of the Spider Nest)
 23591 | Spider:3 | Received a gift from Okawaru
 23592 | Spider:3 | Reached XP level 17. HP: 148/159 MP: 22/22
 23607 | Spider:3 | Identified a scroll of acquirement
 24126 | Spider:4 | Entered Level 4 of the Spider Nest
 24126 | Spider:4 | Noticed Louise
 24177 | Spider:4 | Killed Louise
 24467 | Spider:4 | Reached skill level 10 in Throwing
 25017 | Spider:4 | Identified the +4 robe of the Orb Guardian {rCorr Dex+4}
                  | (Okawaru gifted it to you on level 4 of the Spider Nest)
 25017 | Spider:4 | Received a gift from Okawaru
 25239 | Spider:4 | Reached skill level 10 in Invocations
 25359 | Spider:4 | Got a gossamer rune of Zot
 25876 | Shoals:1 | Entered Level 1 of the Shoals
 25924 | Lair:3   | Acquired the +2 pair of gloves of Idealism {rF+ Str+2}
 26199 | Shoals:1 | You are sucked into a shaft and drop 1 floor!
 27088 | Shoals:3 | Found Tijoha's Distillery.
 27400 | Shoals:3 | Reached XP level 18. HP: 161/170 MP: 24/24
 27643 | Shoals:3 | Received a gift from Okawaru
 27922 | Shoals:4 | Entered Level 4 of the Shoals
 28074 | Shoals:4 | Received a gift from Okawaru
 28710 | Shoals:4 | Got a barnacled rune of Zot
 28814 | Shoals:4 | Got the Compendium of the Comburant Geologist
 29003 | Shoals:4 | Identified the +9 quarterstaff of the Tomato {heavy, Will+}
                  | (Okawaru gifted it to you on level 4 of the Shoals)
 29003 | Shoals:4 | Received a gift from Okawaru
 29050 | Shoals:4 | Noticed Roxanne
 29781 | Lair:5   | Entered Level 5 of the Lair of Beasts
 29789 | Lair:5   | Acquired 978 gold pieces
 29791 | Lair:5   | Acquired 1040 gold pieces
 29794 | Lair:5   | Found a viscous altar of Jiyva.
 29794 | Lair:5   | Found a staircase to the Slime Pits.
 29801 | Lair:5   | Noticed Quickbrownfox's ghost (journeyman DsIE)
 29804 | Lair:5   | Found a runed translucent door.
 30019 | Lair:5   | Found a sparkling altar of Nemelex Xobeh.
 30304 | Lair:5   | Received a gift from Okawaru
 30320 | Lair:5   | Identified the +8 shortbow of Conscience {heavy, rElec rC+
                  | rCorr Int+2 Stlth+}
 30939 | Shoals:3 | Bought a potion of experience for 850 gold pieces
 30939 | Shoals:3 | Bought a potion of heal wounds for 85 gold pieces
 30939 | Shoals:3 | Bought a potion of heal wounds for 85 gold pieces
 30944 | Shoals:3 | Reached XP level 19. HP: 183/183 MP: 26/26
 31216 | D:6      | Bought a potion of cancellation for 80 gold pieces
 31216 | D:6      | Bought a potion of heal wounds for 50 gold pieces
 31216 | D:6      | Bought a potion of heal wounds for 50 gold pieces
 31216 | D:6      | Bought a potion of heal wounds for 50 gold pieces
 31222 | D:6      | Bought a scroll of teleportation for 51 gold pieces
 31222 | D:6      | Bought a potion of heal wounds for 85 gold pieces
 31374 | Vaults:1 | Entered Level 1 of the Vaults
 31374 | Vaults:1 | Noticed Donald
 31429 | Vaults:1 | Killed Donald
 31551 | Vaults:1 | Reached XP level 20. HP: 190/191 MP: 27/27
 31562 | Vaults:1 | Identified the +8 executioner's axe "Vytorat" {pain, *Slow
                  | rPois SInv} (Okawaru gifted it to you on level 1 of the
                  | Vaults)
 31562 | Vaults:1 | Received a gift from Okawaru
 31597 | Vaults:1 | Identified the +6 dagger "Hainnar" {heavy, rCorr Str+3}
 32114 | Vaults:1 | HP: 3/193 [ironbound thunderhulk/bolt of lightning (39)]
 32270 | D:13     | Received a gift from Okawaru
 32384 | Vaults:1 | Received a gift from Okawaru
 32715 | Vaults:1 | Received a gift from Okawaru
 32925 | Vaults:1 | Received a gift from Okawaru
 32934 | Vaults:1 | Found Ypnien's Weapon Emporium.
 33445 | Vaults:2 | Received a gift from Okawaru
 33794 | Vaults:2 | Identified the +0 pair of gloves "Ifamp" {rN+} (Okawaru
                  | gifted it to you on level 2 of the Vaults)
 33794 | Vaults:2 | Received a gift from Okawaru
 33870 | Vaults:2 | Found Qisoter's Antique Armour Shoppe.
 34831 | Orc:2    | Bought the ring "Vinem" {rElec Will+} for 546 gold pieces
 35017 | Vaults:2 | Bought the +9 scales of the Dragon King {rPois rF+ rC+
                  | Will+} for 3120 gold pieces
 35017 | Vaults:2 | Found the +9 scales of the Dragon King {rPois rF+ rC+
                  | Will+}
 35112 | Vaults:3 | Reached XP level 21. HP: 190/202 MP: 29/29
 35731 | Vaults:3 | Found a staircase to the Crypt.
 35742 | Vaults:3 | Received a gift from Okawaru
 36950 | Vaults:4 | Identified the +1 rapier of Kitikeeh {holy, Will+} (Okawaru
                  | gifted it to you on level 4 of the Vaults)
 36950 | Vaults:4 | Received a gift from Okawaru
 37075 | Vaults:4 | Got the Volume of Xenomorphic Blight
 37670 | Vaults:4 | Identified the +2 robe of Agnosticism {rF- Will++ Dex+4}
 37742 | Abyss:4  | Cast into level 4 of the Abyss (a deep elf sorcerer)
 37864 | Abyss:4  | Received a gift from Okawaru
 37884 | Abyss:4  | Found a corrupted altar of Lugonu.
 38063 | Vaults:4 | Escaped the Abyss
 38125 | Vaults:4 | Found the +3 Mad Mage's Maulers {Infuse+∞ VampMP -Cast}
 38133 | Vaults:4 | Identified the +9 halberd of the Sandy God {drain, Fly
                  | Int+3}
 38192 | Vaults:4 | Identified the +0 robe of the Apprentice {rElec Str+2 Int+3
                  | Dex-3}
 38956 | Depths:1 | Entered Level 1 of the Depths
 38972 | Depths:1 | Reached XP level 22. HP: 200/215 MP: 0/31
 39785 | Depths:1 | Identified the +0 storm dragon scales of the Undertaker
                  | {Harm rElec rF- Str+2} (Okawaru gifted it to you on level 1
                  | of the Depths)
 39785 | Depths:1 | Received a gift from Okawaru
 39939 | Depths:1 | Identified the +3 pair of gloves "Cuze" {rElec rPois Str+4
                  | Int-2}
 40526 | Depths:1 | Found a shimmering blue altar of Sif Muna.
 41663 | Depths:1 | Noticed a golden dragon
 41797 | Depths:1 | Killed a golden dragon
 42138 | Depths:1 | Reached skill level 10 in Evocations
 42423 | Depths:1 | Found a gateway to Hell.
 42434 | Depths:1 | Found a one-way gate to the infinite horrors of the Abyss.
 42624 | Depths:1 | Acquired 875 gold pieces
 43756 | Depths:2 | Noticed the Enchantress
 43781 | Depths:2 | Killed the Enchantress
 43969 | Depths:2 | Paralysed by a floating eye for 3 turns
 43977 | Depths:2 | Paralysed by a floating eye for 3 turns
 44243 | Depths:2 | Noticed Sojobo
 44258 | Depths:2 | Killed Sojobo
 44434 | Depths:2 | Found a one-way gate leading to the halls of Pandemonium.
 44633 | Depths:2 | Received a gift from Okawaru
 44858 | Depths:3 | Found a one-way gateway to a ziggurat.
 45094 | Depths:3 | Noticed a golden dragon
 45105 | Depths:3 | Killed a golden dragon
 45376 | Depths:3 | Noticed Mennas
 45397 | Depths:3 | Paralysed by a Zot trap for 3 turns
 45541 | Depths:3 | Noticed a golden dragon
 45568 | Depths:3 | Killed a golden dragon
 45575 | Depths:3 | Received a gift from Okawaru
 45930 | Depths:3 | Identified the ring "Urphem" {rElec rC++ Str+2 Int+6}
 45933 | Depths:3 | Identified the ring of Ceampoef {Fly Int+3}
 45938 | Depths:3 | Noticed a golden dragon
 45955 | Depths:3 | Received a gift from Okawaru
 46006 | Depths:3 | Killed a golden dragon
 46008 | Depths:3 | Reached XP level 23. HP: 148/225 MP: 4/32
 46143 | Depths:3 | Identified the +4 quarterstaff of the Queen {drain, rF+ rC+
                  | Dex+5}
 46502 | Depths:3 | Found a glowing golden altar of the Shining One.
 46701 | Depths:4 | Entered Level 4 of the Depths
 46719 | Depths:4 | Noticed a juggernaut
 46722 | Depths:4 | Killed a juggernaut
 46738 | Depths:4 | Received a gift from Okawaru
 46918 | Depths:4 | Killed Mennas
 46918 | Depths:4 | Received a gift from Okawaru
 47369 | Depths:4 | Identified the scarf of Quboobutz {harm, -Tele Slay+6}
                  | (Okawaru gifted it to you on level 4 of the Depths)
 47369 | Depths:4 | Received a gift from Okawaru
 47919 | Depths:4 | Found a gate to the Realm of Zot.
 48528 | Depths:4 | Noticed a caustic shrike
 48528 | Depths:4 | Noticed a caustic shrike
 48528 | Depths:4 | Noticed a caustic shrike
 48534 | Depths:4 | Killed a caustic shrike
 48545 | Depths:4 | Killed a caustic shrike
 48552 | Depths:4 | Killed a caustic shrike
 49570 | Vaults:5 | Entered Level 5 of the Vaults
 49727 | Vaults:5 | Shot with a bolt by a yaktaur

Illustrated notes

Levels and vault maps discovered:
D:1:      ebering_trefoil_3fold, layout_basic, ebering_ecumenical_altar_webs,
          chequers_mini_garden, nicolae_concentric_dashed_squares_mild
D:2:      layout_basic, corexii_corridor_pit, amethyst_killhole, chequers_jeans
D:3:      layout_basic, ebering_ghost_reflecting_pool
D:4:      layout_basic
D:5:      layout_loops_ring, nemelex_diamond_rough_becter, okawaru_trees_1,
          nicolae_ossuary_entry_monument, st_stairs_4, nicolae_goblin_pals,
          uniq_grinder, uniq_eustachio
D:6:      layout_loops_ring, nicolae_eternal_life, minmay_shop_grid_forest,
          amcnicky_mini_pool_small
D:7:      kennysheep_slugbush, layout_basic, minmay_temple_entry_waves,
          amcnicky_mini_pool_medium
D:8:      layout_basic, enter_bailey_5
D:9:      layout_basic, amethyst_overflow_temple_binary, serial_shops,
          nicolae_shop_stone, uniq_gastronok
D:10:     lemuel_ice_spiral_2, layout_irregular_city,
          grunt_temple_overflow_forces_of_nature,
          grunt_lair_entry_orc_guard_hut, david_orc_5
D:11:     layout_roguey, portal_ice_cave_entry_pillars_2, nrook_campfire
D:12:     layout_cave_pools, special_room [special_room_bee], hangedman_ranch
D:13:     minmay_the_grid_octo_tiled_squarecenter_mashed
          [minmay_the_grid_octo_shrine, minmay_the_grid_octo_toaster,
          minmay_the_grid_octo_chip, minmay_the_grid_octo_concentric,
          minmay_the_grid_square_5x5_megaprize_crossed,
          minmay_the_grid_square_5x5_minibox,
          minmay_the_grid_square_5x5_six_small,
          minmay_the_grid_square_5x5_lines,
          minmay_the_grid_square_5x5_tetrominoes], layout_long_grid,
          david_vaults_1, serial_park_tiny_1, uniq_snorg, uniq_erolcha,
          uniq_josephine
D:14:     layout_rooms, hangedman_decor_riveting, uniq_frances
D:15:     grunt_enter_depths_magical_seal, layout_irregular_city,
          yredelemnul_altar_generic
Lair:1:   layout_cave_pods, ebering_ghost_rock_garden
Lair:2:   gammafunk_boulding_lane, layout_small_grid, spider_nest_entry_webs,
          lightli_volcano_entry_magma_tube, special_room,
          grunt_forest_stairs_clearing, grunt_megastairs_1
Lair:3:   layout_hall_layers, minmay_shoals_entry_beasts, grunt_megastairs_3,
          infiniplex_staircase_pool_2, uniq_kirke
Lair:4:   layout_gridlike, basic_altar, serial_bayou_pond_e, beast_lair_carwin_8
Lair:5:   minmay_lair_end_enchanted_forest, layout_gridlike,
          minmay_slime_entry_oklob_open, basic_altar,
          hellmonk_ghost_happy_afterlife, serial_rivers,
          chequers_serial_rivers_micro_b, chequers_serial_rivers_marsh,
          chequers_serial_rivers_room_a, chequers_serial_rivers_micro_a,
          chequers_serial_rivers_marsh, dreamdust_gnoll_shepherd
Shoals:1: layout_shoals, nicolae_shoals_circle_sea_wall
Shoals:2: layout_shoals
Shoals:3: layout_shoals, nicolae_shoals_land_atoll, nicolae_stop_n_shop_1,
          nicolae_shoals_aquamancer_cove
Shoals:4: shoals_end_simple, layout_shoals,
          nicolae_shoals_lost_giant_amphitheater, uniq_roxanne
Spider:1: layout_spider_delve
Spider:2: layout_cave_pods
Spider:3: nicolae_spider_hilbert_zone_3 [nicolae_spider_hilbert_4_sides_2_open,
          nicolae_spider_hilbert_3_sides_1_open,
          nicolae_spider_hilbert_3_sides_1_open,
          nicolae_spider_hilbert_3_sides_1_open,
          nicolae_spider_hilbert_3_sides_1_open,
          nicolae_spider_hilbert_4_sides_1_open,
          nicolae_spider_hilbert_4_sides_1_open,
          nicolae_spider_hilbert_4_sides_1_open,
          nicolae_spider_hilbert_4_sides_1_open,
          nicolae_spider_hilbert_4_sides_1_open,
          nicolae_spider_hilbert_4_sides_1_open,
          nicolae_spider_hilbert_4_sides_1_open,
          nicolae_spider_hilbert_4_sides_1_open,
          nicolae_spider_hilbert_3_sides_1_open,
          nicolae_spider_hilbert_3_sides_1_open,
          nicolae_spider_hilbert_3_sides_1_open,
          nicolae_spider_hilbert_3_sides_1_open]
Spider:4: grunt_spider_rune_circles, uniq_louise
Orc:1:    layout_diamond_mine, serial_shops, nicolae_shop_just_a_little_nook,
          nicolae_shop_clearance, uniq_sonja
Orc:2:    st_orc_town, layout_caves, uniq_saint_roka
Vaults:1: hangedman_vaults_hat, hangedman_vaults_capsules,
          nicolae_vaults_antechamber_and_loot_room, hangedman_vaults_nails,
          nicolae_vaults_ellipses_ellipsis, vaults_room_pools, v_misc_32,
          grunt_vaults_trifunnel, nicolae_vaults_layer_cake_slice,
          nicolae_vaults_angled_halls, nicolae_vaults_rhombus_6,
          layout_vaults_maze_bifur, serial_shops,
          nicolae_shop_bloodbath_and_beyond, uniq_donald
Vaults:2: nicolae_vaults_storage_closets_1, ontoclasm_vaults_misaligned,
          ontoclasm_vaults_claustrophobia, nicolae_vaults_surprise_closet_hard,
          nicolae_vaults_house_1, nicolae_vaults_more_shelving_2,
          layout_vaults_chaotic_city, serial_shops, nicolae_shop_stone
Vaults:3: nicolae_vaults_big_ls, minmay_crypt_entry_simple_plaza,
          nicolae_vaults_little_ls, v_misc_14, v_misc_16,
          vaults_room_semicircle, layout_vaults_omnigrid
Vaults:4: ontoclasm_vaults_tryst, vaults_mumra_chevron, v_alt_pattern_2,
          v_misc_5, st_greater_box_3, nicolae_vaults_bisected_slash,
          nicolae_vaults_closet_pinwheel_6, nicolae_vaults_tetromino_L_2,
          nicolae_vaults_mini_display_case, hangedman_vaults_cutoff,
          ontoclasm_vaults_decontamination, layout_vaults_big_cross
Vaults:5: serial_shops
Depths:1: minmay_concentric_multi, layout_gridlike, hell_entry, glass_columns_a,
          minmay_room_of_horrors, minmay_misc_feat_square,
          hangedman_summoners_spam
Depths:2: nicolae_cairo_tiling_large_dashed, layout_small_grid,
          abyss_entry_glasseish, pan_entry, lightli_too_deep,
          chequers_serial_rivers_room_a, lightli_minifort,
          infiniplex_staircase_diamond, uniq_enchantress, uniq_sojobo
Depths:3: minmay_strange_plus, layout_gridlike, enter_ziggurat_b, abyss_entry,
          pf_hell_entry_great_geh, pan_entry, nicolae_tso_carved_into_rock,
          minmay_staircase_windowed_large, uniq_mennas
Depths:4: grunt_twist_and_shout, layout_gridlike, minmay_misc_feat_chi,
          pf_hell_entry_tar_spiral, serial_rivers,
          chequers_serial_rivers_room_b, chequers_serial_rivers_micro_d,
          chequers_serial_rivers_marsh, chequers_serial_rivers_small_b

Skill      XL: |  1  2  3  4  5  6  7  8  9 10 11 12 13 14 15 16 17 18 19 20 21 22 23 |
---------------+----------------------------------------------------------------------+-----
Shields        | 4 5 6 7 8 9 10 11 13 14 15 16 17 19 20 21 22 23 | 23.4
Fighting       | 4 5 6 7 8 9 10 11 13 14 15 16 17 19 20 21 22 23 | 23.4
Armour         | 4 5 6 7 8 9 10 11 13 14 15 16 17 19 20 21 22 23 | 23.4
Axes           | 3 4 5 6 7 9 10 12 14 15 17 18 19 20 | 20.0
Invocations    | 2 4 5 7 9 10 11 13 14 | 14.0
Throwing       | 3 5 6 8 9 10 11 12 | 12.0
Evocations     | 3 5 7 8 9 10 | 10.0

Action                     |  1- 3 |  4- 6 |  7- 9 | 10-12 | 13-15 | 16-18 | 19-21 | 22-24 || total
---------------------------+-------+-------+-------+-------+-------+-------+-------+-------++-------
  Melee: War axe           |    71 |    49 |    69 |   508 |  1053 |  1560 |  1176 |   747 ||  5233
         Headbutt          |    13 |    14 |    74 |   123 |   210 |   352 |   385 |   226 ||  1397
         Hand axe          |       |    64 |   287 |       |       |       |       |       ||   351
         Broad axe         |       |       |       |    80 |       |       |       |       ||    80
  Throw: Javelin           |       |       |       |     2 |    12 |     7 |       |     3 ||    24
         Throwing net      |       |       |       |       |     1 |       |       |       ||     1
         Dart              |       |       |       |       |     4 |       |       |       ||     4
 Invoke: Heroism           |       |       |       |     4 |    10 |     4 |     8 |     6 ||    32
         Finesse           |       |       |       |       |     2 |     2 |     7 |     6 ||    17
  Evoke: Wand              |       |       |       |     6 |       |       |       |       ||     6
    Use: Scroll            |       |       |     8 |     5 |     9 |    11 |     2 |     3 ||    38
         Potion            |       |       |       |     1 |       |     2 |     1 |     3 ||     7
   Stab: Paralysed         |       |       |       |     4 |       |       |       |       ||     4
         Petrified         |       |       |       |       |       |     2 |       |       ||     2
         Petrifying        |       |       |       |       |       |     1 |       |       ||     1
 Armour: Scale mail        |    33 |    49 |   135 |       |       |       |       |       ||   217
         Ring mail         |       |       |       |    94 |       |       |       |       ||    94
         Crystal plate arm |       |       |       |    85 |   372 |   855 |   282 |       ||  1594
         Gold dragon scale |       |       |       |       |       |       |   302 |   362 ||   664
  Dodge: Dodged            |    39 |    31 |   166 |   345 |   237 |   451 |   197 |   130 ||  1596
  Block: Buckler           |    16 |    18 |    81 |   146 |       |       |       |       ||   261
         Kite shield       |       |       |       |    36 |   675 |  1320 |   870 |   464 ||  3365
